Map: Ever Dream LE

Players

LastSurprise - Winner!

  • Race: Terran Terran
  • Spawn Location: 7:00

Unknown

  • Race: Zerg Zerg
  • League: Master
  • Spawn Location: 1:00

VOD

Have the link to the VOD?

Description

Time

  • Played on: March 28, 2020, 3:02 p.m.
  • Length: 26:20
Show
View Real Time Build Order
Export as new Build Order

LastSurprise Terran - Winner!

Build Orders: Liberator Opening, Reaper Expand 

Get SALT Encoding   

  12  0:01  SCV  
  13  0:14  SCV  
  14  0:17  Supply Depot  
  14  0:26  SCV  
  15  0:39  SCV  
  15  0:41  Barracks  
  16  0:51  SCV, Refinery  
  17  1:03  SCV  
  18  1:16  SCV  
  19  1:29  Orbital Command  
  19  1:34  Reaper  
  19  1:39  Command Center  
  20  1:49  Supply Depot  
  20  1:55  SCV  
  21  2:06  Marine  
  22  2:11  SCV  
  22  2:14  Factory  
  23  2:15  Refinery  
  23  2:24  SCV  
  23  2:29  Barracks Reactor  
  24  2:36  SCV  
  25  2:48  SCV  
  26  2:52  Orbital Command  
  26  2:59  Starport  
  26  3:00  SCV  
  27  3:12  SCV  
  27  3:18  Hellion x2, Barracks Tech Lab  
  32  3:22  Supply Depot  
  32  3:23  SCV  
  32  3:25  SCV  
  33  3:35  SCV  
  33  3:37  SCV, Liberator  
  33  3:40  Hellion x2  
  42  3:46  Supply Depot  
  42  3:47  SCV, Stimpack  
  42  3:48  Marine  
  44  3:49  SCV  
  45  3:59  SCV  
  45  4:01  SCV, Hellion x2  
  51  4:11  SCV  
  51  4:14  Command Center  
  51  4:16  SCV  
  53  4:21  Supply Depot  
  53  4:23  SCV  
  54  4:28  SCV  
  55  4:32  Starport Reactor  
  55  4:35  SCV  
  56  4:38  Marine  
  56  4:39  Factory Tech Lab  
  56  4:40  SCV, Barracks  
  56  4:41  Barracks  
  58  4:47  SCV  
  58  4:50  Engineering Bay  
  58  4:51  Engineering Bay  
  59  4:53  SCV  
  59  4:56  Marine  
  59  4:59  SCV  
  62  5:01  Siege Tank  
  63  5:09  SCV  
  63  5:11  Refinery  
  63  5:13  Refinery  
  64  5:14  Marine  
  64  5:17  SCV  
  66  5:23  Starport Reactor  
  66  5:25  SCV  
  66  5:26  Terran Infantry Weapons Level 1, Orbital Command, Terran Infantry Armor Level 1  
  66  5:27  Marine x2  
  66  5:28  Combat Shield  
  69  5:32  Marine  
  69  5:35  Marine x2  
  72  5:39  SCV  
  72  5:40  SCV  
  74  5:45  Marine x2  
  76  5:51  SCV  
  76  5:55  Marine x3  
  76  5:56  Siege Tank  
  83  5:59  SCV  
  83  6:02  Orbital Command  
  83  6:03  Medivac, Marine  
  83  6:04  Barracks x2  
  85  6:10  Bunker  
  85  6:12  Supply Depot  
  85  6:14  Supply Depot  
  85  6:15  SCV x2, Medivac  
  85  6:18  Marine x2  
  90  6:23  Marine x2  
  90  6:25  Armory  
  93  6:33  SCV x3, Marine  
  97  6:44  Marine x4  
  97  6:45  SCV, Siege Tank  
  105  6:49  Bunker  
  105  6:51  SCV  
  105  6:52  SCV  
  107  6:55  Supply Depot  
  107  6:57  Barracks Reactor x2  
  107  6:58  SCV  
  107  6:59  Marine  
  109  7:13  Supply Depot  
  109  7:16  Marine x3  
  109  7:17  SCV x3, Medivac  
  117  7:24  Supply Depot  
  117  7:35  SCV x2, Marine x3, Siege Tank  
  125  7:42  Terran Infantry Weapons Level 2  
  125  7:45  Medivac, Marine x6  
  132  7:52  Marine  
  132  7:57  Medivac, Marine x2  
  133  8:02  Marine  
  133  8:03  Marine  
  133  8:04  SCV x3  
  133  8:05  Supply Depot, Marine x2  
  133  8:08  Supply Depot, Command Center  
  133  8:09  Factory  
  133  8:11  Terran Infantry Armor Level 2  
  133  8:12  Barracks x3  
  133  8:15  Refinery  
  133  8:16  Refinery  
  133  8:27  SCV x3, Marine  
  137  8:36  Supply Depot, Marine x2  
  137  8:37  Marine x4  
  137  8:38  Supply Depot, Siege Tank  
  137  8:39  SCV  
  147  8:49  Marine x2  
  147  8:54  Supply Depot x2  
  147  8:55  Supply Depot  
  149  8:58  SCV x2, Medivac, Marine x3  
  149  8:59  Medivac, Marine x2  
  149  9:00  Barracks Tech Lab x2  
  160  9:13  Barracks Tech Lab  
  156  9:21  Marine x2  
  126  9:35  Marine x4  
  126  9:36  Marauder x4  
  138  9:38  Drilling Claws, Factory Reactor  
  138  9:39  Widow Mine  
  138  9:43  SCV  
  139  9:50  Sensor Tower  
  139  9:52  SCV  
  140  9:53  Marine x3  
  140  9:54  Medivac  
  140  9:55  Medivac  
  140  9:56  Refinery  
  140  9:57  Marauder x3  
  153  10:00  Terran Vehicle Weapons Level 1, Refinery  
  153  10:01  Widow Mine  
  153  10:02  Marauder, Marine x2  
  153  10:03  SCV x2  
  153  10:04  SCV  
  153  10:06  Marine  
  162  10:15  SCV  
  162  10:16  Planetary Fortress  
  162  10:18  Marauder x2  
  167  10:23  Widow Mine  
  167  10:24  Liberator x2  
  167  10:26  Sensor Tower  
  175  10:32  Marauder x2, Marine x2  
  181  10:41  Marine  
  181  10:42  Concussive Shells, Marauder x2, Marine  
  187  10:43  Terran Infantry Weapons Level 3  
  187  10:48  Marine  
  187  10:49  Command Center  
  188  10:54  Marauder, Widow Mine x3  
  188  10:56  Marauder, Marine  
  199  11:07  Marine  
  200  11:11  Starport  
  200  11:13  Starport  
  200  11:15  Fusion Core  
  200  11:28  Marine x2  
  198  11:36  Marine  
  198  11:37  Marauder x2, Marine  
  196  11:40  SCV x2, Terran Infantry Armor Level 3  
  196  11:41  SCV  
  196  11:46  SCV  
  200  11:52  Missile Turret  
  200  11:55  Sensor Tower  
  184  12:13  Missile Turret  
  184  12:16  Marine x3  
  184  12:17  Marauder x3, Starport Tech Lab  
  184  12:19  Starport Tech Lab  
  184  12:21  Starport  
  193  12:33  Missile Turret  
  192  12:45  Marine x3  
  192  12:46  Marauder x3  
  167  12:58  Marine  
  167  12:59  Marauder, Marine x2  
  167  13:00  Battlecruiser x2, Marine x2  
  167  13:01  SCV, Widow Mine x3  
  167  13:03  Marine  
  167  13:04  Marine  
  167  13:05  SCV  
  189  13:06  SCV, Planetary Fortress, Starport Tech Lab  
  189  13:07  Marauder x3  
  189  13:10  Marine  
  188  13:13  SCV  
  188  13:15  SCV  
  188  13:16  Marine x2  
  185  13:20  Marauder  
  185  13:26  SCV, Marine  
  185  13:27  Marine  
  185  13:30  Weapon Refit  
  185  13:31  Battlecruiser, Marauder x2  
  186  13:40  Terran Ship Weapons Level 1  
  186  13:41  Supply Depot  
  186  13:43  Armory  
  186  13:44  Supply Depot  
  186  13:49  Unknown  
  186  14:02  Marine  
  186  14:03  Supply Depot x2  
  186  14:05  SCV x2, Marauder, Marine x2  
  186  14:06  Supply Depot  
  194  14:15  Marauder  
  194  14:17  Marine  
  194  14:23  Marauder  
  195  14:24  Liberator  
  195  14:25  Widow Mine  
  195  14:29  Ghost Academy  
  199  14:45  Marine  
  199  14:50  Marine  
  199  15:10  Rapid Reignition System  
  199  15:11  Supply Depot, Marauder, Marine x2, Widow Mine  
  199  15:12  Command Center, Liberator  
  195  15:17  Supply Depot x2  
  180  15:33  Marine x2  
  180  15:34  Marauder x2  
  175  15:37  Terran Vehicle And Ship Armor Level 1  
  175  15:38  SCV  
  175  15:40  SCV x2  
  175  15:41  SCV  
  179  15:43  Terran Ship Weapons Level 2  
  179  15:53  Widow Mine x2  
  183  15:58  Marine x3  
  183  15:59  Marauder x3  
  183  16:00  SCV, Widow Mine x2  
  197  16:07  Advanced Ballistics  
  191  16:11  Marine x2  
  191  16:12  Marauder x2, Marine  
  191  16:13  Medivac x2  
  196  16:20  SCV, Marauder  
  196  16:25  Command Center  
  199  16:26  Command Center  
  199  16:30  Command Center  
  199  16:36  SCV  
  200  16:57  Refinery  
  200  17:00  Marine  
  200  17:01  Marauder  
  200  17:06  Marine  
  199  17:17  Marine  
  199  17:22  Marine x2  
  182  17:35  Medivac x2  
  175  17:41  Marauder x2, Marine x2  
  175  17:42  Widow Mine  
  175  17:43  Widow Mine x3  
  189  17:48  Marine x2  
  189  17:49  Planetary Fortress, Marauder x2  
  189  17:50  SCV  
  196  17:52  Orbital Command x3  
  196  17:59  Marine  
  196  18:00  Marauder  
  199  18:05  Marine  
  200  18:20  Missile Turret  
  200  18:24  Missile Turret, Sensor Tower  
  200  18:25  Refinery, Terran Vehicle And Ship Armor Level 2  
  200  18:26  Terran Ship Weapons Level 3, Missile Turret  
  197  18:27  Hi-Sec Auto Tracking, Neosteel Armor  
  197  18:28  Enhanced Shockwaves, Refinery, Missile Turret  
  197  18:39  Widow Mine  
  199  18:51  SCV  
  200  19:03  Command Center  
  200  19:08  Marine  
  200  19:09  Marauder, Marine  
  198  19:18  Marauder, Marine x2  
  198  19:19  Marauder, Widow Mine  
  198  19:20  Widow Mine  
  174  19:24  Marine x2  
  174  19:25  Marauder x2, Widow Mine x2  
  174  19:26  Marine  
  174  19:27  Medivac x2  
  174  19:30  Marauder  
  191  19:36  Command Center  
  171  19:39  Command Center  
  171  19:40  Command Center  
  171  19:47  Personal Cloaking  
  171  19:49  Missile Turret  
  171  19:51  Missile Turret x2  
  171  19:53  Missile Turret  
  171  19:54  Missile Turret  
  171  19:57  Missile Turret  
  171  19:58  Missile Turret x2  
  171  19:59  Missile Turret  
  171  20:00  Missile Turret  
  171  20:04  Marauder x2, Marine x3  
  171  20:05  Widow Mine x2  
  182  20:11  Marine x2  
  182  20:12  Marauder x2  
  188  20:15  Orbital Command  
  188  20:16  Missile Turret  
  188  20:19  Marine  
  188  20:20  Marauder  
  188  20:21  Widow Mine x2, Marine  
  195  20:22  Medivac, Marine  
  195  20:25  Marine  
  199  20:37  Marine  
  189  20:55  Orbital Command  
  189  20:56  Orbital Command  
  189  21:01  Marauder x2, Marine x2  
  150  21:20  Marauder, Marine x3  
  150  21:21  Marauder x2, Widow Mine x3  
  150  21:22  Widow Mine  
  150  21:23  Battlecruiser  
  148  21:27  Marine x2, Liberator x3  
  148  21:28  Marauder x2, Marine, Liberator  
  148  21:29  SCV  
  148  21:31  SCV  
  164  21:35  Planetary Fortress  
  164  21:38  Marine x2  
  164  21:42  Marauder  
  164  21:43  Marauder, Widow Mine, Marine x2  
  164  21:45  Marine  
  164  21:46  Marine x2  
  175  21:48  Widow Mine x2  
  175  21:49  Missile Turret, Marauder x2  
  175  21:50  Missile Turret  
  175  21:51  Refinery  
  175  21:53  Missile Turret  
  185  21:54  Widow Mine  
  185  21:55  Missile Turret, Refinery, Marine  
  185  21:56  Missile Turret x2, Marine  
  189  22:01  Marauder  
  189  22:04  Terran Vehicle And Ship Armor Level 3  
  189  22:05  Marine  
  189  22:06  Marauder  
  192  22:09  Medivac  
  192  22:10  Medivac  
  192  22:11  Medivac  
  192  22:12  Medivac  
  199  22:23  Marine x2  
  193  22:32  Marine x2  
  193  22:33  Marauder x2  
  197  22:43  Marauder x2, Marine  
  197  22:56  Marine  
  197  22:57  Marauder  
  186  23:22  Marine x2  
  195  23:29  Liberator  
  193  23:36  Viking x2  
  193  23:37  Viking  
  193  23:41  Viking  
  176  24:02  Marine  
  175  24:05  Marine x3  
  175  24:06  Viking x2, Marine  
  175  24:08  Unknown x5, Widow Mine x4  
  175  24:09  Marauder  
  193  24:14  Factory  
  193  24:24  Marine  
  193  24:30  Marauder  
  196  24:36  Unknown  
  196  24:37  Unknown x3  
  190  24:46  Widow Mine x4  
  189  25:00  Refinery  
  184  25:08  Liberator x3  
  184  25:13  Unknown x4, Marauder  
  194  25:20  Unknown  
  192  25:41  Unknown x2  
  185  26:14  Unknown x4  
Show
View Real Time Build Order
Export as new Build Order

Unknown Zerg 

Build Orders: Hatch First 

Get SALT Encoding   

  12  0:01  Drone  
  13  0:13  Overlord  
  13  0:16  Drone  
  14  0:31  Drone x2  
  16  0:48  Hatchery  
  15  0:51  Drone  
  16  0:57  Drone  
  16  0:59  Drone  
  18  1:11  Extractor  
  18  1:14  Spawning Pool  
  18  1:16  Drone  
  17  1:20  Drone  
  18  1:28  Drone  
  19  1:39  Drone  
  20  1:51  Overlord  
  20  2:00  Queen x2  
  24  2:01  Zergling x2  
  24  2:02  Zergling x2  
  26  2:20  Hatchery  
  25  2:23  Metabolic Boost  
  25  2:27  Drone  
  26  2:30  Drone  
  26  2:35  Drone  
  26  2:37  Drone  
  29  2:50  Pneumatized Carapace  
  29  2:51  Drone x2  
  29  2:55  Overlord  
  31  3:01  Queen  
  33  3:15  Drone x2  
  33  3:17  Drone x3  
  38  3:26  Drone x2  
  38  3:27  Drone x2  
  42  3:35  Drone  
  42  3:36  Drone  
  42  3:38  Overlord  
  44  3:47  Queen x2  
  44  3:48  Queen  
  50  3:53  Overlord  
  50  4:01  Baneling Nest  
  49  4:04  Zergling x6  
  49  4:05  Zergling x2  
  49  4:09  Drone x4  
  57  4:20  Zergling x2  
  57  4:21  Zergling x10  
  63  4:34  Queen  
  64  4:41  Queen  
  64  4:45  Baneling x6  
  66  4:52  Overlord x3  
  66  5:02  Drone  
  63  5:09  Spore Crawler  
  63  5:12  Lair  
  63  5:13  Drone x3  
  63  5:14  Drone x10  
  75  5:31  Spore Crawler  
  74  5:37  Drone  
  74  5:38  Drone x7  
  82  5:52  Drone x2  
  82  5:54  Queen  
  83  6:01  Overlord x2  
  83  6:02  Drone  
  84  6:06  Extractor  
  84  6:07  Extractor  
  82  6:17  Centrifical Hooks  
  82  6:21  Hatchery, Drone x2  
  82  6:22  Evolution Chamber  
  82  6:23  Drone  
  82  6:24  Drone x2, Extractor x2  
  82  6:25  Evolution Chamber  
  82  6:30  Drone x4  
  82  6:31  Drone x2  
  82  6:32  Drone  
  89  6:34  Drone  
  89  6:35  Drone, Extractor  
  90  6:43  Overseer  
  90  6:52  Overlord  
  90  6:57  Spore Crawler  
  90  7:01  Drone  
  89  7:08  Drone x2, Zerg Ground Armor Level 1  
  89  7:09  Zergling x2, Drone x3  
  89  7:10  Zergling x22  
  106  7:20  Baneling x4  
  106  7:21  Baneling x6  
  106  7:33  Hatchery, Overlord x6  
  105  7:38  Baneling x2  
  105  7:39  Baneling x10  
  105  7:41  Overlord x2  
  99  8:04  Drone  
  99  8:05  Drone x8  
  106  8:10  Zerg Melee Weapons Level 1  
  106  8:25  Hydralisk Den  
  104  8:30  Zergling x14  
  104  8:32  Overseer  
  110  8:44  Zergling x2  
  110  8:45  Zergling x20  
  121  8:52  Zergling x4  
  121  8:53  Overseer  
  123  9:01  Baneling x2  
  119  9:06  Zergling x16  
  119  9:07  Zergling x2  
  117  9:20  Zergling x18  
  110  9:26  Zergling x2  
  110  9:30  Queen  
  100  9:37  Zergling x10  
  103  9:39  Zerg Ground Armor Level 2  
  103  9:47  Baneling x4, Extractor  
  103  9:48  Extractor  
  101  9:54  Zergling x12  
  101  9:58  Grooved Spines  
  107  10:07  Hatchery  
  107  10:08  Drone x2  
  107  10:09  Hatchery, Infestation Pit  
  107  10:11  Baneling x3  
  106  10:20  Hatchery, Drone x2  
  106  10:21  Drone x2  
  109  10:23  Drone  
  109  10:24  Zerg Melee Weapons Level 2  
  109  10:27  Drone x4  
  109  10:28  Queen, Drone x2  
  116  10:34  Hydralisk x6  
  130  10:37  Overseer x2  
  129  10:50  Baneling x8  
  129  10:51  Hydralisk x8, Baneling x16  
  129  10:53  Zergling x2  
  129  10:54  Zergling x4  
  148  11:08  Zergling x18  
  148  11:09  Muscular Augments  
  157  11:25  Hive  
  155  11:26  Hydralisk x8  
  160  11:42  Zergling x24  
  160  11:45  Baneling x3  
  160  11:46  Baneling  
  172  11:49  Overlord x3  
  172  11:50  Overlord  
  172  11:57  Hatchery  
  162  12:02  Zergling x24  
  156  12:11  Baneling x7  
  156  12:12  Baneling x7  
  154  12:15  Zergling x2  
  154  12:16  Zergling x16  
  162  12:29  Zergling x14  
  172  12:30  Zergling x6  
  172  12:35  Baneling x6  
  144  13:00  Zergling x24  
  144  13:01  Zergling x12  
  147  13:11  Zerg Melee Weapons Level 3  
  136  13:15  Evolution Chamber  
  136  13:19  Hydralisk x10  
  142  13:32  Drone x5  
  142  13:33  Drone  
  148  13:43  Queen  
  150  13:48  Hatchery  
  150  13:55  Baneling x12  
  149  14:26  Burrow  
  149  14:27  Zerg Missile Weapons Level 1, Zerg Ground Armor Level 3  
  149  14:34  Zergling x14  
  149  14:35  Zergling x44  
  178  14:45  Hatchery  
  170  14:49  Zergling x2  
  170  14:50  Zergling x22  
  169  15:00  Hatchery  
  169  15:04  Spire  
  158  15:09  Hatchery  
  109  15:38  Drone x21  
  126  15:46  Drone x2  
  126  15:47  Drone  
  129  15:56  Zergling x8  
  125  16:12  Hatchery  
  124  16:19  Corruptor  
  124  16:24  Baneling x3  
  126  16:41  Corruptor x4  
  134  17:06  Baneling x10  
  134  17:07  Zergling x2  
  134  17:08  Zergling x24  
  139  17:25  Zergling x22  
  134  17:41  Corruptor x3  
  128  18:00  Corruptor x2  
  128  18:01  Corruptor  
  128  18:04  Drone x3  
  136  18:27  Extractor x2  
  135  18:33  Zergling x28  
  144  18:35  Baneling x2  
  144  18:36  Baneling  
  141  18:55  Greater Spire  
  141  18:59  Baneling x13  
  141  19:05  Corruptor  
  141  19:06  Corruptor x4  
  111  19:38  Drone  
  111  19:39  Drone  
  111  19:43  Zergling x58  
  111  19:44  Zergling x2  
  143  19:56  Zerg Missile Weapons Level 2  
  143  20:06  Hatchery  
  142  20:20  Queen x4  
  142  20:21  Queen x2  
  154  20:39  Drone  
  154  20:40  Drone x2  
  157  20:48  Overlord x3  
  157  20:54  Baneling x10  
  137  21:23  Zergling x30  
  137  21:24  Zergling x28  
  154  21:45  Corruptor x2  
  154  21:46  Corruptor x3  
  159  22:02  Corruptor  
  159  22:03  Corruptor x3  
  159  22:07  Zerg Flyer Weapons Level 1  
  144  22:31  Zergling x40  
  162  22:38  Baneling x5  
  162  22:39  Baneling x2  
  162  22:44  Extractor  
  159  22:52  Brood Lord  
  159  22:53  Brood Lord x2  
  159  22:54  Brood Lord  
  165  23:04  Brood Lord  
  165  23:05  Brood Lord  
  166  23:06  Brood Lord  
  134  24:06  Zergling x2  
  134  24:07  Zergling x58  
  156  24:11  Overseer x2  
  154  24:26  Hatchery, Drone x9  
  150  24:49  Hatchery  
  145  24:58  Corruptor  
  145  24:59  Corruptor x7  
  150  25:23  Baneling x7  
  150  25:37  Corruptor x4  
Tags
 
Add a new tag
Caveats
  • Supply blocks, unpowered buildings, or Contaminate may cause inaccurate times.
  • Supply counts are checked every 10 seconds.